 Dungeon Crawl Stone Soup version 0.26-a0-712-ga5a9c9c9d0 (webtiles) character file.

Game seed: 6007368689107195156

99 Inarius the Sneak (level 4, 0/23 HPs)
             Began as a Vine Stalker Brigand on Nov 3, 2020.
             Slain by a gnoll
             ... wielding a +0 spear
              (3 damage)
             ... on level 1 of the Dungeon.
             The game lasted 00:03:05 (1747 turns).

Inarius the Sneak (Vine Stalker Brigand)            Turns: 1747, Time: 00:03:05

Health: 0/23       AC:  3    Str: 13    XL:     4   Next: 72%
Magic:  0/14       EV: 12    Int: 11    God:
Gold:   147        SH:  0    Dex: 17    Spells: 3/3 levels left

rFire    . . .     SeeInvis .   k - +0 short sword (venom)
rCold    . . .     Faith    .   (no shield)
rNeg     . . .     Spirit   +   b - +0 robe
rPois    .         Reflect  .   (no helmet)
rElec    .         Harm     .   c - +0 cloak
rCorr    +         Rampage  .   (no gloves)
MR       .....                  (no boots)
Stlth    ++++......             (no amulet)
HPRegen  0.47/turn              f - ring of resist corrosion
MPRegen  0.14/turn              h - ring of magical power

@: no status effects
A: fangs 2, regeneration 1, magic shield, antimagic bite, no potion heal 3, rot
immunity
a: no special abilities


You were on level 1 of the Dungeon.
You visited 1 branch of the dungeon, and saw 2 of its levels.

You collected 147 gold pieces.

Inventory:

Hand Weapons
 k - a +0 short sword of venom (weapon)
Missiles
 d - 5 poisoned darts
 e - 2 curare-tipped darts
 p - 4 javelins (quivered)
Armour
 b - a +0 robe (worn)
 c - a +0 cloak (worn)
Jewellery
 f - a ring of resist corrosion (left hand)
 h - a ring of magical power (right hand)
Scrolls
 a - 3 scrolls of fear {unknown}
 g - 3 scrolls of remove curse {unknown}
 i - 4 scrolls of identify {unknown}
 l - a scroll of magic mapping {unknown}
 m - a scroll of amnesia {unknown}
 n - a scroll of teleportation {unknown}
Potions
 j - a potion of invisibility {unknown}
 o - a potion of haste {unknown}
 q - a potion of lignification {unknown}


   Skills:
 + Level 1.9 Fighting
 * Level 2.3 Short Blades
 - Level 1.7 Throwing
 + Level 1.1 Dodging
 * Level 6.9 Stealth


You had 3 spell levels left.
You didn't know any spells.
Your spell library was empty.

Dungeon Overview and Level Annotations

Branches:
Dungeon (2/15)

Altars:


Innate Abilities, Weirdness & Mutations

You have extremely sharp teeth.
Your natural rate of healing is unusually fast.
When hurt, damage is shared between your health and your magic reserves.
Your bite disrupts and absorbs the magic of your enemies.
Potions cannot restore your health.
You are immune to rotting.


Message History

Press: ? - help, Shift-Dir - straight line, f/p - gnoll
Aim: a gnoll, wielding a +0 halberd You throw a javelin.
The javelin pierces through the gnoll.
The gnoll is moderately wounded.
The javelin pierces through the gnoll but does no damage.
The gnoll hits you from afar with a +0 spear.
Unknown command.
Throwing (i - inventory. (/) - cycle)
p - 5 javelins (quivered)
Press: ? - help, Shift-Dir - straight line, f/p - gnoll
Aim: a gnoll, wielding a +0 halberd You throw a javelin.
The javelin closely misses the gnoll.
The gnoll completely misses you.
The gnoll hits you from afar with a +0 halberd!
* * * LOW HITPOINT WARNING * * *
The gnoll hits you but does no damage.
The gnoll hits you from afar with a +0 halberd.
* * * LOW HITPOINT WARNING * * *
The gnoll looks more healthy.
The gnoll hits you from afar with a +0 spear.
You die...

#♣ ########### ### ♣.
##.........# ##.### ♣♣
...........####PP..# ♣P
##....♣.........♣..######## ♣.
#PP.♣.♣P♣P.P....@.........#####♣.
.PP♣♣♣♣♣♣..P####).........##....♣
♣.♣♣♣♣P♣...## #.gg.......#......
..P..♣..♣.## #.................
..........## #......(###.......
#...###....######....(## #.......
##### #.............([####.......
#######.###..###....(............
.....##.####..#..................


You could see 2 gnolls.

Vanquished Creatures
  An adder (D:2)
  An ooze (D:1)
  A worm (D:2)
  6 dart slugs (D:1)
  A leopard gecko (D:1)
  5 orcs (D:2)
  2 giant cockroaches
  6 goblins
  8 hobgoblins
  3 jackals (D:2)
  A ball python (D:2)
  11 bats
  2 frilled lizards (D:1)
  5 kobolds
  13 rats
66 creatures vanquished.

Vanquished Creatures (others)
  3 plants (D:1)
3 creatures vanquished.

Grand Total: 69 creatures vanquished

Notes
Turn   | Place    | Note
-------+----------+-------------------------------------------
     0 | D:1      | Inarius the Vine Stalker Brigand began the quest for the
                  | Orb.
     0 | D:1      | Reached XP level 1. HP: 11/11 MP: 2/2
    13 | D:1      | Reached skill level 5 in Stealth
    47 | D:1      | Reached XP level 2. HP: 12/15 MP: 3/3
   293 | D:1      | Reached skill level 6 in Stealth
   331 | D:1      | Reached XP level 3. HP: 18/18 MP: 4/4
  1159 | D:2      | Gained mutation: Your natural rate of healing is unusually
                  | fast. [Vine Stalker growth]
  1159 | D:2      | Reached XP level 4. HP: 23/23 MP: 5/5
  1340 | D:2      | Reached skill level 1 in Dodging
  1711 | D:1      | HP: 1/23 [gnoll/+0 halberd (7)]
  1747 | D:1      | Slain by a gnoll

Illustrated notes

Levels and vault maps discovered:
D:1:      minmay_arrival_stone_box, layout_rooms, serial_forest,
          infiniplex_forest_end_1, infiniplex_forest_corner_1,
          infiniplex_forest_clump_long, infiniplex_forest_lined_3_way,
          infiniplex_forest_clump_tiny, infiniplex_forest_lined_ring,
          infiniplex_forest_lined_2, infiniplex_forest_lined_corner,
          hangedman_glass_teeth
D:2:      layout_basic, minmay_rat_gold_closets

Skill      XL: |  1  2  3  4 |
---------------+-------------+-----
Stealth        | 5 6 |  6.9
Short Blades   | 2 |  2.3
Dodging        | 1 |  1.1
Fighting       | |  1.9
Throwing       | |  1.7

Action                   |  1- 3 |  4- 6 || total
-------------------------+-------+-------++-------
Melee: Dagger            |    90 |    19 ||   109
       Bite              |    25 |    20 ||    45
       Short sword       |       |    50 ||    50
Throw: Dart              |       |     3 ||     3
       Javelin           |       |     2 ||     2
 Stab: Sleeping          |    12 |     7 ||    19
Armor: Robe              |    22 |    12 ||    34
Dodge: Dodged            |    52 |    39 ||    91

Table legend: (Time is in decaauts)
 A = Elapsed time spent in this place.
 B = Non-inter-level travel time spent in this place.
 C = Inter-level travel time spent in this place.
 D = Time resting spent in this place.
 E = Time spent auto-exploring this place.
 F = Levels seen in this place.
 G = Mean time per level.
                   A        B        C        D        E       F      G
               +--------+--------+--------+--------+--------+-----+--------+
         Total |   1735 |   1718 |     17 |     41 |   1207 |   2 |  867.5 |
       Dungeon |   1735 |   1718 |     17 |     41 |   1207 |   2 |  867.5 |
               +--------+--------+--------+--------+--------+-----+--------+

Top non-repeatable levels by time:
     D:1: 1001 daAuts
     D:2: 734 daAuts
